AoeStats
← flynorc

Four Lakes

507151121Analyzed
1v1 RM · 15d ago on Sep 16, 2026· 43m 58s· 2 players
Game mode
Random Map
Map size
Tiny (2 player)
Population
200
Speed
Normal
Resources
Standard
Victory
Conquest
Starting age
Dark Age
Ending age
Imperial Age
RankedLock teamsTeams togetherTeam positionsShared explorationLock speedFull tech treeHidden civsTurbo modeCheats
Victory
Defeat
🇵🇱 Berbers · Poland
1564
+14
🇦🇹 Lithuanians · Austria
1531
-14
flynorc
7:44 Loom
10:38 Feudal Age
11:21 Double-Bit Axe
15:55 Fletching
21:21 Castle Age
20:31 Padded Archer Armor
21:58 Fishing Lines
22:53 Bow Saw
22:53 Bodkin Arrow
25:04 Wheelbarrow
38:38 Gillnets
43:39 Imperial Age
41:47 Hand Cart
41:59 Scale Mail Armor
42:10 Forging
42:41 Ballistics
42:11 Pikeman
44:10 Murder Holes
Gluszczi
7:49 Loom
10:12 Feudal Age
10:38 Town Watch
10:40 Double-Bit Axe
13:21 Fletching
20:38 Castle Age
19:22 Scale Barding Armor
22:50 Chain Barding Armor
25:03 Crossbowman
26:21 Bodkin Arrow
31:50 Forging
33:10 Horse Collar
34:07 Wheelbarrow
36:38 Heavy Plow
40:10 Imperial Age
37:16 Light Cavalry
38:30 Bloodlines
38:22 Husbandry
40:19 Iron Casting
41:53 Ballistics
42:20 Bracer
43:04 Conscription
44:09 Plate Barding Armor
Connection lost

Rejoining the realm…

Still unreachable

The connection could not be restored.

Session expired

The server has moved on; the page needs a fresh start.